 Dungeon Crawl Stone Soup version 0.30-a0-722-g3e6e8c874d (webtiles) character file.

Game seed: 4914864410356425871

616 Pooter the Ruffian (level 7, -4/67 HPs)
             Began as a Troll Hunter on Jan 27, 2023.
             Was an Initiate of Ashenzari.
             Slain by a gnoll
             ... wielding a +0 halberd
              (8 damage)
             ... on level 5 of the Dungeon.
             The game lasted 00:25:20 (3853 turns).

Pooter the Ruffian (Troll Hunter)                   Turns: 3853, Time: 00:25:20

Health: -4/67      AC:  4    Str: 20    XL:     7   Next: 21%
Magic:  6/6        EV: 10    Int:  5    God:    Ashenzari [......]
Gold:   245        SH:  0    Dex: 15    Spells: 5/6 levels left

rFire   . . .      SeeInvis .      - Unarmed
rCold   . . .      Faith    .    (no shield)
rNeg    . . .      Spirit   .    c - +0 robe
rPois   .          Reflect  .    (helmet restricted)
rElec   .          Harm     .    (no cloak)
rCorr   .          Rampage  .    (gloves unavailable)
Will    .....                    (boots unavailable)
Stlth   +                        A - amulet of magic regeneration
HPRegen 1.11/turn                (no ring)
MPRegen 0.50/turn                (no ring)

@: no status effects
A: large, unfitting armour, claws 3, regeneration 1, shaggy fur 1, tough skin 1
a: Renounce Religion, Curse Item


You were on level 5 of the Dungeon.
You worshipped Ashenzari.
Ashenzari was noncommittal.
You visited 1 branch of the dungeon, and saw 6 of its levels.

You collected 245 gold pieces.

Inventory:

Hand Weapons
 a - a +0 shortbow
 f - a +3 whip
   (You took it off a kobold on level 1 of the Dungeon)
 g - a +0 flail
   (You took it off a gnoll on level 1 of the Dungeon)
 o - a +0 battleaxe
   (You found it on level 2 of the Dungeon)
 s - a +1 dagger of speed
   (You took it off a kobold on level 3 of the Dungeon)
 t - the +6 long sword "Killer Klown's Bane" {flame, rPois Dex+3}
   (You found it on level 3 of the Dungeon)

   Dex:       It affects your dexterity (+3).
   rPois:     It protects you from poison.
 v - a +0 sling
   (You took it off a goblin on level 3 of the Dungeon)
 y - a +0 spear
   (You found it on level 4 of the Dungeon)
Missiles
 Q - 64 stones (quivered)
Armour
 c - a +0 robe (worn)
Jewellery
 A - an amulet of magic regeneration (around neck)
   (You found it on level 4 of the Dungeon)
Scrolls
 b - a scroll of immolation {!r}
 i - a scroll of poison {unknown}
 k - a scroll of noise {unknown}
 m - 2 scrolls of amnesia
 n - a scroll of enchant armour
 q - 3 scrolls of teleportation {unknown}
 w - a scroll of acquirement {unknown}
 x - a scroll of vulnerability {unknown}
 B - a scroll of magic mapping
Potions
 d - 2 potions of attraction {!q}
 e - 4 potions of heal wounds {@q2}
 h - 3 potions of curing {@q1}
 j - a potion of ambrosia {unknown}
 l - 2 potions of brilliance
 p - 2 potions of mutation {unknown}
 r - a potion of flight {unknown}
 u - a potion of cancellation {unknown}
 z - a potion of resistance {unknown}


   Skills:
 + Level 3.2 Fighting
 * Level 4.3 Ranged Weapons
 - Level 1.5 Dodging
 - Level 0.3 Stealth
 * Level 4.7 Unarmed Combat


You had 5 spell levels left.
You knew the following spells:

 Your Spells              Type           Power      Damage    Failure   Level
a - Magic Dart            Conj           0%         1d3       47%         1

Your spell library contained the following spells:

 Spells                   Type           Power      Damage    Failure   Level
 Call Imp                 Summ           0%         N/A       63%         2
 Mephitic Cloud           Conj/Pois/Air  0%         N/A       85%         3
 Summon Forest            Summ/Tloc      0%         N/A       100%        5
 Summon Mana Viper        Hex/Summ       0%         N/A       100%        5
 Summon Cactus Giant      Summ           0%         N/A       100%        6


Dungeon Overview and Level Annotations

Branches:
Dungeon (6/15)
 Temple: D:4-7

Altars:
Ashenzari
Zin

Shops:
D:4 :

Annotations:
D:5 2 transporters, THTSBRD's ghost, novice FeTm


Innate Abilities, Weirdness & Mutations

You are too large for most types of armour.
You have claws for hands.
Your natural rate of healing is unusually fast.
You are covered in fur. (AC +1)
You have tough skin. (AC +1)


Message History

Things that are here:
a +0 dagger; a +0 robe
Found a book of the Wilderness.
a - a +0 shortbow (weapon)
You pick up a book of the Wilderness and begin reading...
You add the spells Summon Forest, Summon Mana Viper and Summon Cactus Giant to your library.
A gnoll comes into view. It is wielding a +0 whip.
You shoot an arrow. The arrow hits the gnoll.
The gnoll shouts!
A gnoll comes into view. It is wielding a +0 whip.
You shoot an arrow. The gnoll shouts!
The arrow hits the gnoll!
A gnoll comes into view. It is wielding a +3 heavy spear.
You shoot an arrow. The arrow hits the gnoll.
You kill the gnoll!
You hear a shout!
A gnoll comes into view. It is wielding a +0 halberd.
You shoot an arrow.
The arrow hits the gnoll but does no damage.
You shoot an arrow.
The arrow hits the gnoll but does no damage.
You shoot an arrow. The arrow hits the gnoll.
You aren't carrying any items that you can evoke.
Okay, then.
You are now empty-clawed.
The gnoll closely misses you.
The gnoll hits you from afar with a +3 heavy spear!
The gnoll hits you from afar with a +0 halberd.
You closely miss the gnoll.
The gnoll hits you with a +3 heavy spear.
The gnoll hits you but does no damage.
The gnoll hits you from afar with a +0 halberd!
You barely miss the gnoll.
The gnoll hits you from afar with a +0 halberd!
The gnoll hits you with a +3 heavy spear!
* * * LOW HITPOINT WARNING * * *
The gnoll hits you with a +0 whip.
* * * LOW HITPOINT WARNING * * *
You scratch the gnoll.
The gnoll hits you from afar with a +0 halberd.
* * * LOW HITPOINT WARNING * * *
The gnoll hits you with a +0 whip.
* * * LOW HITPOINT WARNING * * *
You scratch the gnoll but do no damage.
The gnoll hits you with a +3 heavy spear!
* * * LOW HITPOINT WARNING * * *
You claw the gnoll!
You kill the gnoll!
The gnoll hits you from afar with a +0 halberd!
You die...

#.##.# #...# #.##.. .
#...# #.##.# # .###
#...# ##.#... .. ...
#...# #......
...##.####...#####...)..
...)..g.................
......g.................
......)@............#...
...##.####...###########
.. #...##. ...©... ..#
#...##.# .#.#.. ..
#...##.. #...## #
#...##..##...## ###
#...##.#..#.#.. #..
#...##.....!$.= #.# #
##.############


You could see 2 gnolls.

Vanquished Creatures
  A necrophage (D:5)
  2 scorpions
  2 orc priests (D:3)
  Jessica (D:2)
  An iguana (D:5)
  Natasha (twice) (D:2)
  3 orc wizards
  7 gnolls
  5 adders
  A shadow imp (D:5)
  A worm (D:2)
  8 orcs
  6 ball pythons
  A bat (D:1)
  7 endoplasms
  3 giant cockroaches (D:3)
  5 goblins
  7 hobgoblins
  6 jackals (D:2)
  13 kobolds
  2 quokkas
  2 frilled lizards
  4 rats
90 creatures vanquished.

Vanquished Creatures (others)
  A plant (D:1)
1 creature vanquished.

Grand Total: 91 creatures vanquished

Notes
Turn   | Place    | Note
-------+----------+-------------------------------------------
     0 | D:1      | Pooter the Troll Hunter began the quest for the Orb.
     0 | D:1      | Reached XP level 1. HP: 19/19 MP: 0/0
    85 | D:1      | Reached XP level 2. HP: 28/28 MP: 1/1
   109 | D:1      | Reached skill level 1 in Unarmed Combat
   438 | D:1      | Reached XP level 3. HP: 35/35 MP: 2/2
  1048 | D:2      | Noticed Jessica
  1052 | D:2      | Killed Jessica
  1053 | D:2      | Reached XP level 4. HP: 40/42 MP: 3/3
  1400 | D:2      | Found a faded altar of an unknown god.
  1470 | D:2      | Noticed Natasha
  1477 | D:2      | Killed Natasha
  1613 | D:2      | Noticed Natasha
  1621 | D:2      | Killed Natasha
  1622 | D:2      | Reached XP level 5. HP: 50/50 MP: 4/4
  1983 | D:3      | Identified the +6 long sword "Killer Klown's Bane" {flame,
                  | rPois Dex+3}
  1992 | D:3      | Found a glowing silver altar of Zin.
  1993 | D:3      | Found a broken altar of Ashenzari.
  1993 | D:3      | You fall into a shaft and drop 3 floors!
  2040 | D:5      | Entered Level 5 of the Dungeon
  2108 | D:5      | Learned a level 1 spell: Magic Dart
  2127 | D:4      | Reached XP level 6. HP: 42/59 MP: 5/5
  2172 | D:4      | Identified the +1 leather armour "Paontoc" {rElec rPois
                  | rN++ MP-9}
  2443 | D:3      | Became a worshipper of Ashenzari the Shackled
  3398 | D:4      | Found Gac Kigh's Book Shop.
  3547 | D:5      | Found a transporter.
  3551 | D:5      | Noticed THTSBRD's ghost (novice FeTm)
  3557 | D:5      | Identified the +6 great mace "Joan" {freeze, rF+ rC+
                  | Stlth+}
  3580 | D:5      | Found a transporter.
  3592 | D:5      | Reached XP level 7. HP: 64/67 MP: 6/6
  3852 | D:5      | HP: 3/67 [gnoll/+3 heavy spear (11)]
  3853 | D:5      | Slain by a gnoll

Illustrated notes

Levels and vault maps discovered:
D:1:      erik_arrival_cave_to_civilisation [erik_arrival_cave_to_hall],
          layout_basic, serial_forest, infiniplex_forest_straight_3,
          infiniplex_forest_pool, infiniplex_forest_corner_1,
          infiniplex_forest_lined_1, infiniplex_forest_straight_4,
          infiniplex_forest_end_1, infiniplex_forest_clump_tiny,
          infiniplex_forest_clump_small, infiniplex_forest_clump_tiny
D:2:      layout_loops_cross, dreamdust_ecumenical_altar_angels_and_demons,
          uniq_natasha, uniq_jessica
D:3:      layout_basic, jmf_multi_god_temple
D:4:      layout_rooms, serial_shops, kennysheep_little_box, serial_glass,
          glass_columns_a, glass_columns_a, due_unseen_surprise,
          chequers_serial_rivers_micro_e, st_stairs_14
D:5:      layout_loops_cross, minmay_temple_entry_purple_smoke,
          gammafunk_ghost_smash, guppyfry_shop_venom
D:6:      layout_cave_pods, st_stairs_4

Skill      XL: |  1  2  3  4  5  6 |
---------------+-------------------+-----
Unarmed Combat | 1 2 3 4 |  4.7
Ranged Weapons | 3 4 |  4.3
Fighting       | 2 3 |  3.2
Dodging        | |  1.5
Stealth        | |  0.3

Action                     |  1- 3 |  4- 6 |  7- 9 || total
---------------------------+-------+-------+-------++-------
  Melee: Unarmed           |    21 |   104 |    29 ||   154
         Punch             |     1 |     4 |     1 ||     6
   Fire: Shortbow          |    44 |   114 |     9 ||   167
  Throw: Dart              |       |     2 |       ||     2
    Use: Scroll            |       |     8 |       ||     8
 Armour: Robe              |     3 |    25 |     5 ||    33
  Dodge: Dodged            |    10 |    62 |     9 ||    81

Table legend: (Time is in decaauts)
 A = Elapsed time spent in this place.
 B = Non-inter-level travel time spent in this place.
 C = Inter-level travel time spent in this place.
 D = Time resting spent in this place.
 E = Time spent auto-exploring this place.
 F = Levels seen in this place.
 G = Mean time per level.
                   A        B        C        D        E       F      G
               +--------+--------+--------+--------+--------+-----+--------+
         Total |   3874 |   3755 |    119 |    503 |   2276 |   6 |  645.7 |
       Dungeon |   3874 |   3755 |    119 |    503 |   2276 |   6 |  645.7 |
               +--------+--------+--------+--------+--------+-----+--------+

Top non-repeatable levels by time:
     D:3: 1213 daAuts
     D:1: 1046 daAuts
     D:2: 714 daAuts
     D:5: 415 daAuts
     D:4: 408 daAuts
     D:6: 76 daAuts
